 Dungeon Crawl Stone Soup version 0.19.0-18-g426998a (webtiles) character file.

1057 grisgris the Thaumaturge (level 8, -1/39 HPs)
             Began as a Deep Elf Summoner on Nov 11, 2016.
             Was a Follower of Hepliaklqana.
             Killed from afar by kroki's ghost (3 damage)
             ... with a sting
             ... on level 8 of the Dungeon.
             The game lasted 00:25:00 (7266 turns).

grisgris the Thaumaturge (Deep Elf Summoner)        Turns: 7266, Time: 00:25:01

Health: -1/39      AC:  5    Str:  7    XL:     8   Next: 6%
Magic:  19/22      EV: 13    Int: 23    God:    Hepliaklqana [*.....]
Gold:   244        SH:  0    Dex: 15    Spells: 6 memorised, 7 levels left

rFire  + . .     SeeInvis .     d - +4 dagger (venom)
rCold  . . .     Gourm    .     a - +0 robe
rNeg   + . .     Faith    .     (no shield)
rPois  .         Spirit   .     (helmet restricted)
rElec  .         Reflect  .     (no cloak)
rCorr  .         Harm     .     n - +1 pair of gloves
MR     .....                    (no boots)
Stlth  ++........               (no amulet)
                                f - ring of positive energy
                                g - ring of protection from fire

@: lethally poisoned (-1 -> -5)
A: reduced essence, horns 1, rugged brown scales 1, strong 1
a: Recall Ancestor, Ancestor Identity, Renounce Religion


You were on level 8 of the Dungeon.
You worshipped Hepliaklqana.
Hepliaklqana was aware of your devotion.
You were not hungry.

You visited 2 branches of the dungeon, and saw 9 of its levels.

You collected 244 gold pieces.

Inventory:

Hand Weapons
 d - a +4 dagger of venom (weapon)
Armour
 a - a +0 robe (worn)
 n - a +1 pair of gloves (worn)
Jewellery
 f - a ring of positive energy (right hand)
 g - a ring of protection from fire (left hand)
 t - an uncursed ring of flight
Wands
 m - a wand of confusion (30/48)
Scrolls
 e - a scroll of fog
 h - a scroll of remove curse
 i - a scroll of amnesia
 j - 4 scrolls of teleportation
 p - 6 scrolls of identify
 u - a scroll of recharging
Potions
 k - 2 potions of curing
 l - 2 potions of flight
 o - 3 potions of brilliance
 r - a potion of agility
Books
 b - a book of Callings

   Spells                             Type                      Level
   a - Summon Small Mammal            Summoning                    1
   b - Call Imp                       Summoning                    2
   c - Call Canine Familiar           Summoning                    3
   d - Summon Guardian Golem          Hexes/Summoning              3
   e - Summon Lightning Spire         Summoning/Air                4
   f - Summon Ice Beast               Ice/Summoning                4
Comestibles
 c - 5 bread rations


   Skills:
 + Level 1.4 Fighting
 + Level 1.1 Short Blades
 - Level 2.4 Dodging
 - Level 2.4 Stealth
 + Level 0.1 Unarmed Combat
 + Level 8.9 Spellcasting
 + Level 8.2 Summonings


You had 7 spell levels left.
You knew the following spells:

 Your Spells              Type           Power        Failure   Level  Hunger
a - Summon Small Mammal   Summ           ####         1%          1    None
b - Call Imp              Summ           #####...     1%          2    None
c - Call Canine Familiar  Summ           #####...     1%          3    None
d - Summon Guardian Gole  Hex/Summ       ####....     4%          3    None
e - Summon Lightning Spi  Summ/Air       ####....     14%         4    ##.....
f - Summon Ice Beast      Ice/Summ       ####....     14%         4    ##.....


Dungeon Overview and Level Annotations

Branches:
Dungeon (8/15)             Temple (1/1) D:6
   Lair: D:8-11

Altars:
Ashenzari
Cheibriados
Dithmenos
Fedhas
Gozag
Hepliaklqana
Kikubaaqudgha
Makhleb
Nemelex Xobeh
Okawaru
Qazlal
Ru
Sif Muna
Trog
Uskayaw
Xom
Yredelemnul
Zin
The Shining One

Shops:
D:4 [   D:5 :

Annotations:
D:8 kroki's ghost, novice GrVM


Innate Abilities, Weirdness & Mutations

Your life essence is reduced. (-10% HP)
You have a pair of small horns on your head.
You are partially covered in rugged brown scales. (AC +1, +3% HP)
Your muscles are strong. (Str +2)


Message History

Kroki's ghost misses you.
Your shadow imp hits the worker ant zombie.
The worker ant zombie barely misses your shadow imp.
Your shadow imp hits the worker ant zombie but does no damage.
The worker ant zombie bites your shadow imp.
You see here 2 chunks of flesh.
Kroki's ghost hits you!
Your shadow imp hits the worker ant zombie.
The worker ant zombie closely misses your shadow imp.
Your shadow imp hits the worker ant zombie but does no damage.
Kroki's ghost barely misses you.
The worker ant zombie closely misses your shadow imp.
Kroki's ghost hits you!
* * * LOW HITPOINT WARNING * * *
Your shadow imp barely misses the worker ant zombie.
The worker ant zombie bites your shadow imp.
Kroki's ghost points at you and mumbles some strange words.
The sting hits you!
You are lethally poisoned!
You die...

. .#.#. ## #.
...#.# #.#+. ..#.#.
##.#.. ....#.#
#.#.#.#+#'#.#.#
##.#.#.#Z#.#...
#.#.#?#5#.#'...
##.#.#W#.#.#...#.
#.#.#@#.#5#'. .'#
#.#.#h#.#.# ..# #.
#.#.#.#.#+... #.#.
#.#.#.<.#.#.. #.#.#
#.#.#.#.#.#.#+#.#.#
##.#.#.#.#.#.#.#.#
#.#.#.#.#.#.#.#.#
##.#.#.#.#.#.#.#
..#.#.#.#.#.#.#.


You could see kroki's ghost, a worker ant zombie, a friendly wolf and a friendly
shadow imp.

Vanquished Creatures
  A bullfrog skeleton (D:8)
  An orc wizard (D:7)
  An iguana (D:8)
  A killer bee zombie (D:7)
  A shadow imp (D:5)
  4 leopard geckos
  2 orcs
  A giant cockroach (D:3)
  A goblin (D:1)
  2 hobgoblins
  2 jackals
  A quokka (D:7)
  A ball python (D:5)
  A frilled lizard (D:2)
  2 kobolds (D:2)
  4 rats
26 creatures vanquished.

Vanquished Creatures (collateral kills)
  A hippogriff (D:7)
  Sigmund (D:2)
  Edmund (D:5)
  2 orc warriors
  A sky beast (D:7)
  An ogre (D:4)
  A centaur (D:6)
  A bullfrog (D:6)
  A crimson imp (D:6)
  2 centaur skeletons
  A hound (D:4)
  A jelly (D:7)
  3 orc wizards
  Jessica (D:2)
  Ijyb (D:3)
  Natasha (thrice) (D:3)
  2 worker ants
  A howler monkey skeleton (D:4)
  3 gnolls (D:3)
  7 adders
  A shadow imp (D:3)
  3 oozes
  An adder zombie (D:6)
  2 adder skeletons
  5 worms
  2 leopard geckos
  23 orcs
  4 bats
  4 hobgoblins
  9 jackals
  2 quokkas
  A frilled lizard (D:3)
  9 goblins
  A kobold (D:3)
  4 rats
106 creatures vanquished.

Vanquished Creatures (others)
  6 ancestors
  A quokka (D:8)
7 creatures vanquished.

Grand Total: 139 creatures vanquished

Notes
Turn   | Place    | Note
-------+----------+-------------------------------------------
     0 | D:1      | grisgris the Deep Elf Summoner began the quest for the Orb.
     0 | D:1      | Reached XP level 1. HP: 10/10 MP: 6/6
   211 | D:2      | Noticed Jessica
   216 | D:2      | Killed Jessica
   216 | D:2      | Reached skill level 5 in Summonings
   216 | D:2      | Reached XP level 2. HP: 14/15 MP: 5/8
   599 | D:3      | Reached XP level 3. HP: 9/19 MP: 7/10
   808 | D:3      | Learned a level 2 spell: Call Imp
   986 | D:3      | Noticed Natasha
  1021 | D:3      | Killed Natasha
  1021 | D:3      | Reached XP level 4. HP: 13/24 MP: 6/12
  1177 | D:3      | Noticed Natasha
  1186 | D:3      | Killed Natasha
  1333 | D:3      | Learned a level 3 spell: Call Canine Familiar
  1769 | D:3      | Noticed Ijyb
  1781 | D:3      | Killed Ijyb
  1801 | D:3      | Noticed Natasha
  1808 | D:3      | Killed Natasha
  1808 | D:3      | Reached XP level 5. HP: 28/28 MP: 7/14
  2009 | D:4      | Noticed an ogre
  2020 | D:4      | Reached skill level 5 in Spellcasting
  2024 | D:4      | Killed an ogre
  2193 | D:4      | Found a stormy altar of Qazlal.
  2204 | D:4      | Found a burning altar of Makhleb.
  2333 | D:4      | Found Laatih's Antique Armour Shop.
  2600 | D:4      | Reached XP level 6. HP: 33/33 MP: 10/16
  3480 | D:2      | Noticed Sigmund
  3487 | D:2      | Killed Sigmund
  3837 | D:2      | Found a sacrificial altar of Ru.
  3910 | D:2      | Learned a level 3 spell: Summon Guardian Golem
  3915 | D:2      | Learned a level 4 spell: Summon Lightning Spire
  3920 | D:2      | Learned a level 4 spell: Summon Ice Beast
  4116 | D:5      | Entered Level 5 of the Dungeon
  4117 | D:5      | Noticed Edmund
  4150 | D:5      | Killed Edmund
  4150 | D:5      | Reached skill level 1 in Fighting
  4150 | D:5      | Reached skill level 1 in Short Blades
  4323 | D:5      | Found Zalog's Book Boutique.
  4460 | D:5      | You fall through a shaft for 3 floors!
  4460 | D:8      | Found an ancient bone altar of Kikubaaqudgha.
  4464 | D:8      | Gained mutation: You have a pair of small horns on your head. [potion of mutation]
  4464 | D:8      | Gained mutation: Your muscles are strong. (Str +2) [potion of mutation]
  4464 | D:8      | Gained mutation: You are partially covered in rugged brown scales. (AC +1, +3% HP) [potion of mutation]
  4480 | D:8      | Noticed a sky beast
  4493 | D:7      | Noticed an orc warrior
  4508 | D:6      | Reached XP level 7. HP: 16/39 MP: 14/19
  4783 | D:6      | Noticed a moth of wrath
  4786 | D:6      | Found a bloodstained altar of Trog.
  4839 | D:6      | Found a staircase to the Ecumenical Temple.
  4848 | Temple   | Entered the Ecumenical Temple
  4889 | Temple   | Became a worshipper of Hepliaklqana the Forgotten
  5738 | D:6      | Reached * piety under Hepliaklqana
  6038 | D:7      | Noticed a hippogriff
  6063 | D:7      | Killed a hippogriff
  6980 | D:7      | Reached XP level 8. HP: 33/39 MP: 17/22
  7250 | D:8      | Noticed kroki's ghost (novice GrVM)
  7266 | D:8      | Killed from afar by kroki's ghost

Skill      XL: |  1  2  3  4  5  6  7 |
---------------+----------------------+-----
Summonings     | 5 6 7 8 |  8.2
Spellcasting   | 4 5 6 8 |  8.9
Fighting       | 1 |  1.4
Short Blades   | 1 |  1.1
Dodging        | |  2.4
Stealth        | |  2.4
Unarmed Combat | |  0.1

Action                   |  1- 3 |  4- 6 |  7- 9 || total
-------------------------+-------+-------+-------++-------
Melee: Dagger            |    16 |    58 |    36 ||   110
       Unarmed           |     4 |       |       ||     4
       Headbutt          |       |     1 |     3 ||     4
 Cast: Summon Small Mamm |    25 |    15 |     2 ||    42
       Call Imp          |     8 |    49 |    23 ||    80
       Call Canine Famil |       |    21 |    21 ||    42
       Summon Lightning  |       |       |     1 ||     1
Invok: Recall Ancestor   |       |       |     1 ||     1
  Use: Scroll            |     1 |    10 |     3 ||    14
       Potion            |       |     4 |       ||     4
 Stab: Sleeping          |     2 |     7 |     2 ||    11
  Eat: Bread ration      |       |     1 |     1 ||     2
       Royal jelly       |       |     1 |       ||     1
       Meat ration       |       |     1 |       ||     1
       Chunk             |       |       |     6 ||     6
       Beef jerky        |       |       |     1 ||     1
Armor: Robe              |     6 |    16 |    11 ||    33
Dodge: Dodged            |    19 |    87 |    39 ||   145
